Map: Newkirk Precinct TE (Void)

Players

Trizztein - Winner!

  • Race: Terran Terran
  • League: Diamond
  • Spawn Location: 5:00

ghanzo

  • Race: Terran Terran
  • League: Diamond
  • Spawn Location: 7:00

VOD

Have the link to the VOD?

Description

Time

  • Played on: Dec. 15, 2016, 7:02 a.m.
  • Length: 22:00
Show
View Real Time Build Order
Export as new Build Order

Trizztein Terran - Winner!

Build Orders: Mech 

Get SALT Encoding   

  12  0:00  SCV  
  13  0:12  SCV  
  14  0:18  Supply Depot  
  14  0:25  SCV  
  15  0:40  SCV  
  15  0:42  Barracks  
  16  0:46  Refinery  
  16  0:52  SCV  
  17  1:04  SCV  
  18  1:16  SCV  
  20  1:34  Orbital Command  
  20  1:35  Reaper  
  20  1:52  Command Center  
  20  2:00  SCV  
  21  2:07  Marine  
  22  2:08  Supply Depot  
  22  2:13  SCV  
  23  2:28  Factory  
  23  2:30  Barracks Reactor, SCV  
  24  2:37  Refinery  
  24  2:42  SCV  
  25  2:51  Bunker  
  25  2:54  SCV  
  26  3:04  Orbital Command  
  26  3:08  Marine x2  
  26  3:11  SCV  
  26  3:12  Factory Tech Lab  
  29  3:15  Starport  
  29  3:23  SCV  
  30  3:35  SCV  
  30  3:36  SCV  
  30  3:38  Siege Tank  
  35  3:45  Refinery  
  35  3:47  SCV  
  35  3:48  SCV, Marine x2  
  39  3:57  Starport Tech Lab  
  39  4:00  SCV  
  40  4:04  SCV  
  40  4:07  Marine x2  
  33  4:24  SCV x2, Marine  
  33  4:25  Siege Tank, Marine  
  37  4:36  SCV x2  
  36  4:42  Marine  
  36  4:48  SCV x2  
  35  5:00  SCV  
  35  5:01  SCV  
  37  5:12  Siege Tank, SCV  
  37  5:13  SCV  
  41  5:19  Raven  
  43  5:25  SCV x2  
  45  5:32  Marine  
  46  5:38  Supply Depot  
  46  5:51  Command Center  
  46  5:59  SCV x2, Marine  
  46  6:00  Supply Depot  
  49  6:06  Supply Depot  
  49  6:10  Armory  
  49  6:11  SCV  
  49  6:12  Factory  
  49  6:13  Marine, Factory  
  49  6:17  Marine  
  51  6:31  SCV x2  
  53  6:42  Siege Tank  
  53  6:43  SCV x2  
  58  6:47  Viking x2  
  58  6:51  Supply Depot  
  58  6:53  Supply Depot  
  62  6:55  SCV  
  62  6:56  Refinery, SCV  
  62  6:58  Factory Reactor  
  62  7:00  Terran Vehicle Weapons Level 1  
  64  7:05  Siege Tank  
  64  7:08  SCV x2  
  70  7:13  Supply Depot, Orbital Command  
  69  7:20  SCV x2  
  71  7:23  Viking x2  
  75  7:32  SCV x2  
  75  7:36  Cyclone x2  
  83  7:40  SCV  
  85  7:44  SCV x2  
  85  7:53  Viking  
  85  7:56  SCV  
  85  7:57  Orbital Command  
  88  7:59  SCV  
  92  8:05  Siege Tank x2  
  92  8:08  SCV  
  92  8:11  SCV  
  97  8:20  SCV  
  97  8:24  Supply Depot, SCV  
  97  8:26  SCV  
  100  8:32  SCV  
  101  8:34  Supply Depot  
  102  8:49  SCV x3  
  105  9:01  SCV x3  
  108  9:04  Refinery  
  108  9:08  Refinery  
  103  9:13  SCV x2  
  103  9:14  SCV  
  103  9:15  Supply Depot  
  103  9:16  Supply Depot  
  103  9:25  SCV x2  
  103  9:26  SCV  
  106  9:33  Cyclone, Siege Tank  
  106  9:34  Cyclone  
  106  9:37  SCV  
  106  9:38  SCV x2  
  118  9:39  Factory, Terran Vehicle Weapons Level 2  
  118  9:41  Factory  
  118  9:50  SCV x3  
  121  9:53  Starport  
  121  10:05  Siege Tank  
  124  10:07  Cyclone x2  
  124  10:08  Supply Depot x2  
  124  10:12  Supply Depot x2  
  130  10:19  Supply Depot  
  130  10:20  SCV x2  
  132  10:30  Factory x2  
  132  10:35  Siege Tank  
  135  10:40  Supply Depot  
  135  10:42  Supply Depot  
  135  10:45  Supply Depot  
  135  10:46  Supply Depot  
  135  10:56  Cyclone x2  
  143  10:57  Hellion  
  143  11:02  Factory Tech Lab  
  143  11:05  Viking x2  
  143  11:07  Cyclone  
  146  11:12  SCV  
  147  11:19  Engineering Bay  
  147  11:21  Cyclone x2  
  151  11:33  Factory Tech Lab, Factory Reactor  
  151  11:35  Viking x2  
  132  11:52  Hellion x2  
  121  11:57  Siege Tank x3  
  127  12:05  Viking  
  127  12:06  Siege Tank  
  126  12:11  Hellion, Cyclone  
  126  12:13  Cyclone x2  
  130  12:22  SCV x2  
  124  12:23  SCV  
  124  12:29  Hellion x2, Siege Tank  
  127  12:34  SCV  
  127  12:35  SCV x2  
  115  12:38  Siege Tank  
  114  12:46  SCV  
  114  12:47  SCV x2  
  107  12:59  SCV x3  
  110  13:11  SCV x3  
  113  13:23  Siege Tank x2, SCV x3  
  113  13:24  Siege Tank x2  
  113  13:25  Hellion x3  
  113  13:26  Hellion, Command Center  
  133  13:35  SCV x3  
  133  13:38  Viking x2  
  137  13:47  Hellion x3, SCV  
  144  13:55  Siege Tank  
  144  13:57  Siege Tank x2  
  153  14:06  SCV  
  153  14:09  Sensor Tower  
  154  14:11  Cyclone  
  154  14:12  Hellion x4  
  154  14:13  SCV  
  154  14:14  Command Center  
  165  14:17  Hellion x3  
  165  14:18  Command Center  
  165  14:28  Hellion  
  165  14:29  Terran Vehicle Weapons Level 3  
  165  14:30  Hellion  
  167  14:41  Hellion x2  
  167  14:43  Viking x2  
  171  14:46  SCV x2  
  171  14:50  Infernal Pre-Igniter  
  173  15:03  SCV  
  174  15:08  Siege Tank  
  174  15:09  Siege Tank  
  174  15:12  Refinery  
  180  15:26  Hellion x2  
  182  15:30  Hellion  
  182  15:37  Marine  
  182  15:38  Refinery  
  183  15:53  SCV  
  183  15:55  Marine  
  183  15:57  Hellion x2  
  160  16:23  Hellion x3  
  166  16:31  Planetary Fortress  
  152  17:10  SCV x4  
  156  17:31  Hellion  
  156  17:35  Siege Tank x3  
  156  17:36  Hellion x4  
  154  17:38  Viking x2  
  139  17:53  Hellion  
  139  17:54  Refinery, Planetary Fortress  
  139  17:55  Refinery  
  139  17:57  Hellion, Siege Tank  
  142  18:07  Siege Tank, Planetary Fortress  
  142  18:08  Viking x2  
  149  18:17  Orbital Command  
  131  18:30  Siege Tank x2  
  131  18:31  Hellion x5  
  147  18:38  Terran Vehicle And Ship Armor Level 1, Viking x2  
  147  18:40  Hellion  
  153  18:41  Terran Infantry Weapons Level 1  
  153  18:54  Hellion x5  
  163  19:01  Siege Tank  
  166  19:08  Viking x2  
  160  19:26  Hellion x2  
  160  19:27  Orbital Command, Siege Tank x3  
  160  19:28  Orbital Command  
  169  19:31  Hellion  
  169  19:33  Siege Tank  
  169  19:38  Viking  
  169  20:00  Viking  
  163  20:07  Viking  
  137  20:29  Orbital Command, Viking  
  139  20:37  SCV x3, Viking  
  144  20:49  SCV x3  
  147  20:55  Hellion x4, Siege Tank x3  
  164  20:59  Viking  
  164  21:01  SCV  
  167  21:07  Viking  
  167  21:29  Viking  
  169  21:37  Hellion  
  169  21:38  Hellion x3  
Show
View Real Time Build Order
Export as new Build Order

ghanzo Terran 

Build Orders: 1/1/1, Cyclone Opening, MMM Bio 

Get SALT Encoding   

  12  0:01  SCV  
  13  0:13  SCV  
  14  0:20  Supply Depot  
  14  0:25  SCV  
  15  0:29  Refinery  
  15  0:42  SCV  
  16  0:48  Barracks  
  16  0:55  SCV  
  17  1:07  SCV  
  17  1:11  Refinery  
  18  1:19  SCV  
  19  1:31  SCV  
  20  1:38  Marine  
  21  1:40  Factory  
  21  1:43  Orbital Command  
  21  1:49  Supply Depot  
  21  2:00  Barracks Reactor  
  21  2:10  SCV  
  22  2:25  Cyclone, Starport  
  22  2:27  SCV  
  26  2:32  Supply Depot  
  26  2:36  Marine  
  27  2:39  SCV  
  27  2:41  Marine  
  29  2:51  SCV  
  29  2:56  Supply Depot  
  29  3:02  Medivac  
  29  3:03  SCV  
  32  3:08  Cyclone  
  32  3:12  Marine  
  36  3:16  SCV  
  37  3:22  Marine  
  38  3:27  Supply Depot  
  38  3:30  SCV  
  39  3:34  Starport Tech Lab  
  39  3:36  Marine  
  39  3:40  Marine  
  39  3:41  Factory Tech Lab  
  41  3:54  SCV  
  42  4:01  Command Center  
  39  4:31  Marine x2  
  36  4:39  Banshee, Siege Tank  
  42  4:49  Marine x2  
  44  4:54  SCV  
  45  5:07  Marine  
  45  5:09  Marine  
  47  5:17  Siege Tank  
  47  5:18  Cloaking Field  
  50  5:22  Banshee, Orbital Command  
  50  5:24  Marine  
  50  5:25  Barracks  
  54  5:34  SCV  
  55  5:40  Marine  
  55  5:42  Marine  
  56  5:49  SCV  
  61  5:50  Siege Tank  
  61  5:51  SCV  
  62  6:01  SCV  
  62  6:03  SCV  
  55  6:26  Marine x2  
  55  6:27  Siege Tank  
  55  6:32  SCV x2  
  62  6:36  Refinery, Barracks Tech Lab  
  62  6:39  Barracks  
  62  6:41  Engineering Bay  
  62  6:43  Supply Depot, Viking  
  62  6:44  SCV  
  62  6:45  Marine x2  
  67  6:48  SCV  
  68  6:56  SCV  
  68  6:59  Stimpack  
  68  7:00  SCV  
  70  7:04  Marine x2  
  70  7:08  Supply Depot x2  
  72  7:11  SCV  
  72  7:12  Missile Turret  
  72  7:14  Missile Turret, Terran Infantry Weapons Level 1  
  72  7:15  SCV  
  74  7:23  Marine x2  
  74  7:24  SCV  
  74  7:28  Command Center  
  74  7:29  Viking  
  79  7:32  Supply Depot  
  79  7:34  SCV  
  79  7:35  Marine  
  79  7:36  SCV  
  82  7:46  SCV  
  83  7:51  SCV  
  83  7:58  SCV  
  85  8:06  SCV  
  85  8:07  Marine  
  85  8:08  Marine x3  
  85  8:10  SCV  
  91  8:25  Marine  
  92  8:31  Marine x3  
  93  8:43  Marine  
  93  8:47  Banshee  
  93  8:49  Siege Tank, Marine x3  
  99  9:07  Marine x4  
  88  9:21  Siege Tank  
  91  9:24  Marine  
  91  9:25  Marine  
  91  9:30  Orbital Command  
  88  9:32  SCV x2  
  90  9:41  Marine x2  
  90  9:42  Marine  
  90  9:44  SCV x2  
  90  9:45  Barracks, Terran Infantry Armor Level 1  
  95  9:46  Barracks  
  95  9:48  Armory, Engineering Bay  
  95  9:49  Supply Depot  
  95  9:51  Medivac  
  97  9:54  Missile Turret  
  97  9:56  SCV x2  
  97  9:58  SCV  
  100  10:02  Supply Depot  
  100  10:04  Supply Depot  
  100  10:06  Marine x2  
  102  10:08  SCV x2  
  102  10:10  SCV  
  102  10:12  Marine x2  
  107  10:20  Combat Shields  
  107  10:29  Marine  
  107  10:30  Siege Tank, Marine  
  107  10:32  Refinery, Marine x2  
  107  10:34  Medivac  
  116  10:37  Medivac  
  116  10:42  SCV x3  
  121  10:47  Marine x2  
  123  10:54  SCV x2  
  125  11:00  Marine x2  
  125  11:01  Marine  
  128  11:05  Marine x2  
  128  11:06  Siege Tank  
  133  11:15  Viking x2  
  133  11:18  Marine x3  
  137  11:23  Marine  
  141  11:30  Marine  
  139  11:36  Marine x2  
  139  11:39  Marine  
  141  11:41  Marine  
  121  11:48  Marine  
  121  11:54  Marine x2  
  111  11:56  Marine  
  111  11:59  Marine  
  106  12:06  Marine  
  107  12:12  Marine x2  
  107  12:14  Marine  
  110  12:16  Marine  
  110  12:23  Marine  
  110  12:24  Siege Tank  
  110  12:29  Marine x2  
  112  12:32  Marine  
  112  12:34  Marine  
  112  12:41  Marine  
  113  12:47  Marine  
  102  12:57  Marine x3  
  98  12:59  Siege Tank, Marine  
  98  13:00  Medivac  
  98  13:05  Marine  
  105  13:10  Barracks  
  105  13:12  Terran Infantry Armor Level 2, Terran Infantry Weapons Level 2, Engineering Bay  
  105  13:15  Marine x3  
  105  13:17  Marine  
  109  13:23  Marine  
  109  13:25  Refinery  
  110  13:29  Terran Ship Weapons Level 1  
  110  13:33  Refinery, Marine x3  
  111  13:43  Marauder, Marine  
  111  13:46  Medivac x2  
  118  13:51  Marauder, Marine x2  
  122  13:55  Command Center  
  122  14:00  Barracks Reactor  
  122  14:01  Marine, Command Center  
  122  14:02  Refinery  
  123  14:04  Refinery  
  123  14:05  Marauder  
  123  14:08  Marine  
  123  14:09  Marine  
  127  14:13  Marauder  
  129  14:19  Marine  
  123  14:25  SCV x3  
  123  14:26  Marine  
  126  14:50  Refinery  
  126  14:56  Refinery  
  126  15:00  Marine  
  127  15:17  Liberator x2  
  125  15:32  Marine x3  
  125  15:33  Marauder x2, Marine x2  
  140  15:40  Siege Tank  
  143  15:50  Marine x3  
  143  15:54  Marauder x2  
  143  15:55  Marine x2  
  143  16:08  Marine x3  
  143  16:10  Planetary Fortress  
  140  16:13  Marine x2  
  140  16:15  Marauder x2  
  138  16:26  Marine x3  
  138  16:31  Marine  
  142  16:37  Marauder x2  
  142  16:39  Viking x2  
  150  16:40  Barracks Reactor  
  150  16:42  Terran Infantry Weapons Level 3  
  150  16:43  Terran Infantry Armor Level 3  
  150  16:58  Marauder x2  
  150  16:59  SCV x2  
  156  17:06  Command Center x2  
  156  17:29  SCV x2, Marine  
  156  17:30  SCV, Marine x2  
  156  17:32  Liberator x2  
  156  17:33  SCV  
  156  17:35  Marauder  
  156  17:36  Marauder  
  148  17:41  SCV  
  148  17:42  SCV  
  132  17:46  Marine x4  
  132  17:48  Marine  
  138  17:56  Marauder  
  138  17:57  Marauder  
  137  18:05  Marine x3  
  123  18:06  Barracks Tech Lab x2, Marine  
  123  18:08  Siege Tank  
  130  18:15  Liberator x2  
  130  18:17  Marauder  
  130  18:19  Marauder  
  109  18:25  Marine  
  109  18:26  Marauder x2, Marine x3  
  108  18:33  Starport  
  114  18:35  Starport  
  114  18:39  Marauder  
  114  18:40  Marine  
  117  18:43  Marine  
  117  18:45  Planetary Fortress  
  118  18:50  SCV x3  
  118  18:52  SCV x2  
  123  18:58  Liberator x2  
  123  19:02  SCV x2  
  125  19:03  SCV  
  114  19:12  SCV x2  
  114  19:14  SCV  
  119  19:20  Marauder x2, Marine x6  
  119  19:21  Siege Tank  
  129  19:25  Starport Reactor  
  129  19:26  Starport Reactor  
  129  19:30  SCV x4  
  129  19:31  Orbital Command  
  133  19:41  Liberator  
  133  19:42  SCV x4  
  137  19:47  Marauder x2, Marine x5  
  137  19:48  Marine  
  137  19:51  Supply Depot  
  137  19:52  Supply Depot  
  147  19:53  Supply Depot x2  
  147  19:54  Supply Depot  
  147  19:57  Building Armor  
  94  20:25  Marauder, Marine x2  
  94  20:26  Marauder, Marine x4  
  94  20:28  Liberator  
  81  20:41  Siege Tank  
  84  20:43  Marine x4  
  84  20:44  Marauder x2  
  84  20:46  Marine  
  84  20:47  Marauder  
  94  21:01  Marine x3  
  89  21:05  Marauder  
  89  21:07  Marine  
  89  21:08  Marauder x2, Marine  
  86  21:19  Marine x3  
  89  21:25  Marine x2  
  89  21:26  Marine  
  89  21:29  Marine x2  
  94  21:36  Marine  
  94  21:37  Marine x2  
Tags
 
Add a new tag
Caveats
  • Supply blocks, unpowered buildings, or Contaminate may cause inaccurate times.
  • Supply counts are checked every 10 seconds.